[Event "Elitserien 2019/2020, round 7-9"]
[Site "Elite stadshotellet, Kungsgatan 6, Vaxjo, Sweden"]
[Date "2020.10.17"]
[Round "2.14"]
[White "Norberg, Erik"]
[Black "Eklund, Joel"]
[Result "0-1"]
[TimeControl "90 minutes for 40 moves + 30 minutes for the rest of the game + 30 seconds per move from move one."]
[WhiteTitle "CM"]
[WhiteFideId "1707965"]
[BlackFideId "1705288"]
[WhiteElo "2241"]
[BlackElo "2216"]

1. g3 d5 2. Bg2 e5 3. d3 c5 4. Nf3 f6 5. O-O Bg4 6. c3 Qd7 7. Qc2 Nc6 8. e4 d4 9. Nbd2 Bd6 10.
Nc4 Bc7 11. a4 Nge7 12. Ne1 g5 13. f4 exf4 14. gxf4 h6 15. f5 O-O-O 16. Rb1 Kb8 17. Kh1 Ne5 18. Nxe5 Bxe5 19. b4 dxc3 20.
bxc5 Qc7 21. d4 Rxd4 22. Qxc3 Be2 23. Rg1 Rhd8 24. Nc2 Rc4 25. Qb3 Rxc2 26. Qxc2 Bd3 27. Qb3 Bxb1 28. Qxb1 Bxh2 29.
Rf1 Be5 30. Be3 Nc6 31. Qb3 h5 32. Rb1 Ka8 33. Bf1 Nd4 34. Bxd4 Rxd4 35. Bc4 Rd2 36. Qb5 Rh2+ 0-1

[Event "Elitserien 2019/2020, round 7-9"]
[Site "Elite stadshotellet, Kungsgatan 6, Vaxjo, Sweden"]
[Date "2020.10.17"]
[Round "2.15"]
[White "Holst, Conny"]
[Black "Carlsson, Ludvig"]
[Result "1-0"]
[TimeControl "90 minutes for 40 moves + 30 minutes for the rest of the game + 30 seconds per move from move one."]
[WhiteTitle "FM"]
[BlackTitle "CM"]
[WhiteFideId "1701428"]
[BlackFideId "1727010"]
[WhiteElo "2128"]
[BlackElo "2199"]

1. d4 d5 2. c4 c6 3. Nf3 Nf6 4. Nc3 e6 5. e3 Nbd7 6. Bd3 dxc4 7. Bxc4 b5 8. Bd3 Bd6 9. O-O O-O 10.
e4 e5 11. Be3 a6 12. h3 exd4 13. Bxd4 Bc5 14. Bc2 Qb6 15. Re1 Bxd4 16. Qxd4 Qxd4 17. Nxd4 c5 18. Nc6 Nb6 19. Ne7+ Kh8 20.
e5 Ng8 21. Nxc8 Raxc8 22. Rad1 Rfe8 23. f4 Rc7 24. Rd6 Rb7 25. Ne4 Rc8 26. Red1 b4 27. Rd8 Rbb8 28. Nd6 Rxd8 29. Nxf7# 1-0

[Event "Elitserien 2019/2020, round 7-9"]
[Site "Elite stadshotellet, Kungsgatan 6, Vaxjo, Sweden"]
[Date "2020.10.17"]
[Round "2.16"]
[White "Eriksson, Anders"]
[Black "Mansson, Peter"]
[Result "0-1"]
[TimeControl "90 minutes for 40 moves + 30 minutes for the rest of the game + 30 seconds per move from move one."]
[WhiteTitle "FM"]
[WhiteFideId "1701053"]
[BlackFideId "1703048"]
[WhiteElo "2224"]
[BlackElo "2143"]

1. Nf3 c5 2. c4 Nc6 3. d4 cxd4 4. Nxd4 e5 5. Nb5 d6 6. N1c3 a6 7. Na3 f5 8. e4 Be7 9. exf5 Bxf5 10.
Bd3 Be6 {loss due to white mobile phone gave sound} 0-1

[Event "Elitserien 2019/2020, round 7-9"]
[Site "Elite stadshotellet, Kungsgatan 6, Vaxjo, Sweden"]
[Date "2020.10.18"]
[Round "3.1"]
[White "Haitin, Ilja"]
[Black "Heberla, Bartlomiej"]
[Result "1/2-1/2"]
[TimeControl "90 minutes for 40 moves + 30 minutes for the rest of the game + 30 seconds per move from move one."]
[WhiteTitle "FM"]
[BlackTitle "GM"]
[WhiteFideId "4501764"]
[BlackFideId "1115120"]
[WhiteElo "2349"]
[BlackElo "2564"]

1. d4 d5 2. c4 e6 3. Nc3 Nf6 4. cxd5 exd5 5. Bg5 c6 6. e3 Be7 7. Qc2 Nbd7 8. Bd3 Nh5 9. Bxe7 Qxe7 10.
Nge2 g6 11. O-O-O Nb6 12. Ng3 Ng7 13. Kb1 h5 14. e4 dxe4 15. Ngxe4 Be6 16. Nc5 O-O-O 17. Be4 Bf5 18. f3 Kb8 19.
Qb3 Ne6 20. Qb4 Qf6 21. Nb3 Nf4 22. Nc5 Ne6 23. Nb3 Nc7 24. Nc5 Ne6 1/2-1/2

[Event "Elitserien 2019/2020, round 7-9"]
[Site "Elite stadshotellet, Kungsgatan 6, Vaxjo, Sweden"]
[Date "2020.10.18"]
[Round "3.2"]
[White "Gdanski, Jacek"]
[Black "Akerman, Axel"]
[Result "1-0"]
[TimeControl "90 minutes for 40 moves + 30 minutes for the rest of the game + 30 seconds per move from move one."]
[WhiteTitle "GM"]
[WhiteFideId "1100106"]
[BlackFideId "1715810"]
[WhiteElo "2482"]
[BlackElo "2199"]

1. e4 c5 2. Nc3 Nc6 3. Nf3 g6 4. Bb5 Nd4 5. Bc4 Bg7 6. Nxd4 cxd4 7. Qf3 Nh6 8. d3 dxc3 9. Bxh6 O-O 10.
Bxg7 Kxg7 11. bxc3 Qc7 12. O-O Rb8 13. a4 b6 14. Qe3 e6 15. f4 f5 16. Qd4+ Kg8 17. e5 Bb7 18. Rf2 Rbc8 19.
Qe3 Rf7 20. h4 h6 21. Rb1 Ba8 22. Ba6 Rcf8 23. d4 g5 24. hxg5 hxg5 25. Bf1 Rg7 26. fxg5 Qd8 27. a5 bxa5 28.
c4 Rxg5 29. d5 Qe7 30. Qxa7 exd5 31. Rb8 Bc6 32. Rxf8+ Kxf8 33. cxd5 Bxd5 34. Qxa5 Bc6 35. Qd2 Kg7 36. Qf4 Kg6 37.
Bd3 Qe6 38. g4 Be4 39. Bxe4 fxe4 40. Qxe4+ Kg7 41. Rf5 Rg6 42. Kg2 d5 43. Qf3 Qe7 44. c3 Qc5 45. Rf7+ Kg8 46. Rd7 Qf8 47.
Qxd5+ 1-0

[Event "Elitserien 2019/2020, round 7-9"]
[Site "Elite stadshotellet, Kungsgatan 6, Vaxjo, Sweden"]
[Date "2020.10.18"]
[Round "3.3"]
[White "Krupenski, Juri"]
[Black "Vernersson, Per"]
[Result "1-0"]
[TimeControl "90 minutes for 40 moves + 30 minutes for the rest of the game + 30 seconds per move from move one."]
[WhiteTitle "IM"]
[WhiteFideId "4501101"]
[BlackFideId "1700863"]
[WhiteElo "2386"]
[BlackElo "2264"]

1. d4 d5 2. c4 e6 3. Nf3 Nf6 4. g3 Be7 5. Bg2 O-O 6. O-O dxc4 7. Qc2 a6 8. a4 Bd7 9. Rd1 Bc6 10.
Nc3 Nbd7 11. e4 b5 12. d5 exd5 13. e5 Ne4 14. Nxd5 Bxd5 15. Rxd5 Nec5 16. axb5 Qe8 17. Ng5 Nd3 18.
Rxd7 Qxd7 19. Bxa8 Rxa8 20. Qxc4 Bxg5 21. Bxg5 h6 22. Qe4 Re8 23. bxa6 Nc5 24. Qc4 Nxa6 25. Bxh6 Nb8 26. Bf4 Nc6 27.
Qe4 Nd8 28. Be3 Qe6 29. Rc1 Qxe5 30. Qxe5 Rxe5 31. Rxc7 Ne6 32. Rb7 1-0

[Event "Elitserien 2019/2020, round 7-9"]
[Site "Elite stadshotellet, Kungsgatan 6, Vaxjo, Sweden"]
[Date "2020.10.18"]
[Round "3.4"]
[White "Gajic, Mladen"]
[Black "Linusson, Pelle"]
[Result "1-0"]
[TimeControl "90 minutes for 40 moves + 30 minutes for the rest of the game + 30 seconds per move from move one."]
[WhiteTitle "FM"]
[WhiteFideId "1709178"]
[BlackFideId "1709062"]
[WhiteElo "2295"]
[BlackElo "2249"]

1. e4 e5 2. Nc3 Nf6 3. f4 d5 4. fxe5 Nxe4 5. Qf3 Nc6 6. Bb5 Nxc3 7. dxc3 Qh4+ 8. g3 Qe4+ 9. Qxe4 dxe4 10.
Bxc6+ bxc6 11. Ne2 Ba6 12. Rf1 c5 13. Rf4 Be7 14. Rxe4 O-O 15. Ra4 Bb5 16. Ra5 c6 17. a4 Bxe2 18.
Kxe2 a6 19. Be3 Rfe8 20. Rd1 Bf8 21. Kf3 Rxe5 22. b4 Rf5+ 23. Kg4 g6 24. b5 cxb5 25. axb5 c4 26. Rda1 Re5 27. Bd4 Ree8 28.
bxa6 Bg7 29. Kf3 Red8 30. Rb1 Bxd4 31. cxd4 Rxd4 32. a7 Rdd8 33. Rb7 Rdc8 34. Rab5 1-0

[Event "Elitserien 2019/2020, round 7-9"]
[Site "Elite stadshotellet, Kungsgatan 6, Vaxjo, Sweden"]
[Date "2020.10.18"]
[Round "3.5"]
[White "Fraenkel, Mikael"]
[Black "Rothen, Hakan"]
[Result "0-1"]
[TimeControl "90 minutes for 40 moves + 30 minutes for the rest of the game + 30 seconds per move from move one."]
[BlackTitle "FM"]
[WhiteFideId "1706985"]
[BlackFideId "1700723"]
[WhiteElo "2045"]
[BlackElo "2252"]

1. e4 e6 2. d3 d5 3. Nd2 Nf6 4. Ngf3 g6 5. g3 Bg7 6. Bg2 O-O 7. O-O c5 8. Re1 Nc6 9. h4 dxe4 10.
dxe4 Ng4 11. a4 e5 12. Nc4 Qxd1 13. Rxd1 Be6 14. Ne3 Nxe3 15. Bxe3 Nd4 16. Ng5 Bg4 17. Rd2 h6 18. Bxd4 cxd4 19.
Nh3 Rac8 20. f3 Be6 21. Nf2 Rc7 22. Bf1 Rfc8 23. Bd3 h5 24. g4 hxg4 25. fxg4 Bf6 26. g5 Be7 27. Kg2 f6 28.
gxf6 Bxf6 29. Kg3 Rh7 30. Rh1 Rf8 31. Be2 Bxh4+ 32. Rxh4 Rxh4 33. Kxh4 Rxf2 34. Kg3 Rf7 35. b3 Kg7 36.
Bf3 a5 37. Rg2 Rd7 38. Rd2 Rc7 39. Be2 Kf6 40. Bd3 Kg5 41. Rh2 Rc3 42. Rd2 Bg4 43. Rf2 Bd1 44. Rd2 Bxc2 0-1

[Event "Elitserien 2019/2020, round 7-9"]
[Site "Elite stadshotellet, Kungsgatan 6, Vaxjo, Sweden"]
[Date "2020.10.18"]
[Round "3.6"]
[White "Ornstein, Axel"]
[Black "Larsson, Victor"]
[Result "1/2-1/2"]
[TimeControl "90 minutes for 40 moves + 30 minutes for the rest of the game + 30 seconds per move from move one."]
[WhiteTitle "IM"]
[WhiteFideId "1700111"]
[BlackFideId "1707019"]
[WhiteElo "2284"]
[BlackElo "2186"]

1. d4 d5 2. c4 e6 3. Nc3 Be7 4. Bf4 Nf6 5. e3 O-O 6. h3 Nbd7 7. Nf3 c5 8. cxd5 Nxd5 9. Nxd5 exd5 10.
Be2 cxd4 11. exd4 Qa5+ 1/2-1/2

[Event "Elitserien 2019/2020, round 7-9"]
[Site "Elite stadshotellet, Kungsgatan 6, Vaxjo, Sweden"]
[Date "2020.10.18"]
[Round "3.7"]
[White "Akerman, Emil"]
[Black "Malesevic, Nedeljko"]
[Result "0-1"]
[TimeControl "90 minutes for 40 moves + 30 minutes for the rest of the game + 30 seconds per move from move one."]
[BlackTitle "FM"]
[WhiteFideId "1715828"]
[BlackFideId "1703447"]
[WhiteElo "1964"]
[BlackElo "2257"]

1. c4 c5 2. Nf3 Nc6 3. g3 Nf6 4. Nc3 d5 5. cxd5 Nxd5 6. Bg2 Nc7 7. O-O e5 8. d3 Be7 9. Be3 O-O 10.
Na4 b6 11. b4 e4 12. Nd2 Nxb4 13. dxe4 Bb7 14. a3 Nc6 15. Rb1 Nd4 16. Nb3 Ndb5 17. Qc1 c4 18. Nd2 Nxa3 19. Ra1 Ncb5 20.
Qb2 Bf6 21. e5 Bxg2 22. exf6 Bxf1 23. fxg7 Re8 24. Kxf1 Rxe3 25. fxe3 c3 26. Nxc3 Qf6+ 27. Nf3 Rc8 28. Rxa3 Nxa3 29.
Qxa3 Qxc3 30. Qxa7 Qxe3 31. Qa6 Rc1+ 32. Kg2 Rc2 33. Kf1 Kxg7 34. Nh4 Rc1+ 35. Kg2 Rg1+ 0-1

[Event "Elitserien 2019/2020, round 7-9"]
[Site "Elite stadshotellet, Kungsgatan 6, Vaxjo, Sweden"]
[Date "2020.10.18"]
[Round "3.8"]
[White "Gustafsson, Fredrik"]
[Black "Andersson, Bjorn"]
[Result "1-0"]
[TimeControl "90 minutes for 40 moves + 30 minutes for the rest of the game + 30 seconds per move from move one."]
[BlackTitle "FM"]
[WhiteFideId "1712357"]
[BlackFideId "1702114"]
[WhiteElo "2089"]
[BlackElo "2153"]

1. e4 c5 2. Nc3 Nc6 3. g3 g6 4. Bg2 Bg7 5. d3 d6 6. Be3 Bd7 7. Qd2 Rb8 8. Nd1 Qc8 9. c3 h5 10.
h3 b5 11. f4 b4 12. Nf3 e5 13. fxe5 Nxe5 14. Nxe5 bxc3 15. bxc3 Bxe5 16. Bf4 Ne7 17. Bxe5 dxe5 18. Qg5 Nc6 19.
Ne3 Qd8 20. Qxd8+ Rxd8 21. Rb1 Bc8 22. Nd5 Ne7 23. Rb5 Nxd5 24. exd5 Ba6 25. Rxc5 Bxd3 26. Kd2 Bf5 27. Re1 f6 28.
Be4 Bxh3 29. Bxg6+ Ke7 30. Bd3 Rd7 31. c4 Rb7 32. Kc3 Rg8 33. Re3 Bd7 34. Ra5 Kd8 35. Ra6 f5 36. Rxe5 Rxg3 37.
Rh6 Rb1 38. d6 Kc8 39. Rc5+ Kb7 40. Rc7+ Ka6 41. c5+ Bb5 42. d7+ 1-0

[Event "Elitserien 2019/2020, round 7-9"]
[Site "Elite stadshotellet, Kungsgatan 6, Vaxjo, Sweden"]
[Date "2020.10.18"]
[Round "3.9"]
[White "Pantzar, Milton"]
[Black "Lundin, Jan"]
[Result "1-0"]
[TimeControl "90 minutes for 40 moves + 30 minutes for the rest of the game + 30 seconds per move from move one."]
[WhiteTitle "IM"]
[BlackTitle "FM"]
[WhiteFideId "1721003"]
[BlackFideId "1706896"]
[WhiteElo "2406"]
[BlackElo "2350"]

1. d4 d5 2. c4 e5 3. dxe5 d4 4. Nf3 Nc6 5. g3 Nge7 6. Bg2 Ng6 7. Bg5 Qd7 8. O-O h6 9. Bf4 Nxf4 10.
gxf4 g5 11. Nbd2 gxf4 12. Ne4 Bg7 13. Kh1 Qe7 14. b4 Nxe5 15. Nxe5 Bxe5 16. Bf3 Qxb4 17. Rb1 Qxc4 18. Rg1 Kf8 19.
Rc1 Qb4 20. Nc5 Rb8 21. Qc2 Bd6 22. Qe4 b6 23. Nd3 Qa4 24. Rc6 Bb7 25. Ne5 Bxc6 26. Nxc6 Re8 27. Qf5 Rg8 28. Bd5 Re6 29.
Rxg8+ Kxg8 30. Nd8 Qd1+ 31. Kg2 Qxe2 32. Qxf7+ Kh8 33. Qxe6 Qxe6 34. Nxe6 c5 35. Bc4 f3+ 36. Kxf3 Bxh2 37.
Kg4 Kh7 38. Kh5 Be5 39. f3 Bf6 40. Bd3+ Kg8 41. Kg6 Be5 42. Bc4 h5 43. Nxc5+ 1-0

[Event "Elitserien 2019/2020, round 7-9"]
[Site "Elite stadshotellet, Kungsgatan 6, Vaxjo, Sweden"]
[Date "2020.10.18"]
[Round "3.10"]
[White "Livner, Anders"]
[Black "Sjodahl, Pontus"]
[Result "1-0"]
[TimeControl "90 minutes for 40 moves + 30 minutes for the rest of the game + 30 seconds per move from move one."]
[WhiteTitle "FM"]
[BlackTitle "IM"]
[WhiteFideId "1704150"]
[BlackFideId "1700537"]
[WhiteElo "2371"]
[BlackElo "2430"]

1. c4 Nf6 2. Nf3 e6 3. g3 d5 4. Bg2 Be7 5. O-O O-O 6. d4 c6 7. Qc2 b6 8. Rd1 Bb7 9. b3 Ne4 10.
Ne5 f5 11. Nd3 Na6 12. Bb2 Rc8 13. Nd2 Nb4 14. Nxb4 Bxb4 15. Nxe4 fxe4 16. f3 exf3 17. exf3 Qf6 18. f4 Qf5 19.
Qe2 Bd6 20. Rd3 c5 21. Re3 Rfe8 22. Re1 cxd4 23. Bxd4 Rcd8 24. Bf3 Bb4 25. Rd1 Qf8 26. Rxe6 dxc4 27. Bxb7 Rxe6 28. Qxe6+ Qf7 29.
Qxf7+ Kxf7 30. Kf2 Bc5 31. Ke3 c3 32. Be4 g5 33. Bc2 1-0

[Event "Elitserien 2019/2020, round 7-9"]
[Site "Elite stadshotellet, Kungsgatan 6, Vaxjo, Sweden"]
[Date "2020.10.18"]
[Round "3.11"]
[White "Miezis, Normunds"]
[Black "Ong, Kezli"]
[Result "1-0"]
[TimeControl "90 minutes for 40 moves + 30 minutes for the rest of the game + 30 seconds per move from move one."]
[WhiteTitle "GM"]
[WhiteFideId "11600136"]
[BlackFideId "1706500"]
[WhiteElo "2484"]
[BlackElo "2281"]

1. c4 e5 2. Nc3 Nf6 3. g3 d5 4. cxd5 Nxd5 5. Bg2 Nb6 6. Nf3 Nc6 7. O-O Be7 8. d3 O-O 9. a3 Be6 10.
Be3 f6 11. Rc1 Qd7 12. Ne4 Nd4 13. Bxd4 exd4 14. b4 c6 15. Qc2 Rfd8 16. Rb1 Bf7 17. Nc5 Qc7 18. Nb3 Bxb3 19. Qxb3+ Kh8 20.
Rfc1 Qd7 21. a4 Nd5 22. Nxd4 Nxb4 23. Ne6 Re8 24. Bh3 Qd6 25. Rc4 a5 26. Rd4 Qe5 27. Re4 Qh5 28. Rh4 Qd5 29.
Qxd5 Nxd5 30. Bf5 h6 31. Rxb7 Rab8 32. Ra7 Ra8 33. Rd7 Nb6 34. Rc7 Rac8 35. Re4 Nd5 36. Rxc8 Rxc8 37. Nxg7 Rb8 38.
Nh5 Bf8 39. Re6 Nc3 40. Kg2 Nxa4 41. Rxf6 Bg7 42. Rg6 Bb2 43. e3 c5 44. d4 cxd4 45. Rxh6+ Kg8 46. Be6+ Kf8 47. Rh8+ Ke7 48.
Rxb8 Kxe6 49. Nf4+ Kd7 50. Nd3 Bc3 51. exd4 Bxd4 52. Rb5 Bb6 53. Ne5+ Kc7 54. Nc4 Kc6 55. Rh5 1-0

[Event "Elitserien 2019/2020, round 7-9"]
[Site "Elite stadshotellet, Kungsgatan 6, Vaxjo, Sweden"]
[Date "2020.10.18"]
[Round "3.12"]
[White "Lindeman, Sven"]
[Black "Akesson, Ralf"]
[Result "0-1"]
[TimeControl "90 minutes for 40 moves + 30 minutes for the rest of the game + 30 seconds per move from move one."]
[BlackTitle "GM"]
[WhiteFideId "1700790"]
[BlackFideId "1700120"]
[WhiteElo "2157"]
[BlackElo "2379"]

1. e4 c5 2. Nf3 e6 3. d3 Nc6 4. g3 d5 5. Nbd2 Nf6 6. Bg2 Be7 7. O-O b6 8. Re1 Bb7 9. a3 Qc7 10.
Qe2 h6 11. c3 a5 12. exd5 exd5 13. Nf1 O-O 14. Nh4 Rfe8 15. Qc2 Qd7 16. Ne3 Bf8 17. Bd2 g6 18. Qb3 Ne5 19. d4 Nd3 20.
Red1 c4 21. Qc2 Ne4 22. Be1 Qe6 23. Qe2 h5 24. Nf1 Qf6 25. Qc2 Nf4 26. f3 Nxg2 27. Qxg2 Nd6 28. g4 Rxe1 29. g5 Qf4 30.
Rxe1 Qxh4 31. Re5 Nf5 32. Ng3 Ng7 33. f4 Bd6 34. Rf1 Bxe5 35. dxe5 Qg4 36. Qf2 h4 37. Qxb6 Bc8 38. Qd8+ Kh7 39.
Qxd5 Rb8 40. Qd6 Rxb2 0-1

[Event "Elitserien 2019/2020, round 7-9"]
[Site "Elite stadshotellet, Kungsgatan 6, Vaxjo, Sweden"]
[Date "2020.10.18"]
[Round "3.13"]
[White "Norberg, Johan"]
[Black "Hjelm, Niclas"]
[Result "1/2-1/2"]
[TimeControl "90 minutes for 40 moves + 30 minutes for the rest of the game + 30 seconds per move from move one."]
[WhiteTitle "CM"]
[BlackTitle "FM"]
[WhiteFideId "1707965"]
[BlackFideId "1700502"]
[WhiteElo "2304"]
[BlackElo "2306"]

1. g3 d5 2. Bg2 g6 3. c4 c6 4. cxd5 cxd5 5. Qb3 Nf6 6. Nc3 e6 7. d4 Nc6 8. Nf3 Bg7 9. O-O O-O 10.
Rd1 b6 11. Bf4 Bb7 12. Rac1 Qe7 13. Ne5 Rfc8 14. Nb5 Ne8 15. a4 g5 16. Nxc6 Bxc6 17. Be3 Bf6 18. Ra1 a6 19. Nc3 Nd6 20.
f3 Rab8 21. Qa3 b5 22. axb5 axb5 23. Qb4 Nc4 24. Qxe7 Bxe7 25. Bc1 Ra8 26. Rxa8 Rxa8 27. e4 b4 28. Ne2 Ra1 29. exd5 exd5 30.
Rf1 Ra2 31. f4 Nxb2 32. fxg5 Nd3 33. Nf4 Nxf4 34. Bxf4 b3 35. Rb1 b2 36. Kf2 Ba3 37. Bh3 Ra1 38. Bf5 Bb5 39. Bd2 Bc4 40.
Bc3 Rxb1 41. Bxb1 Kg7 42. Kf3 h6 43. gxh6+ Kxh6 44. g4 Kg5 45. Be1 Kf6 46. h4 Kg7 47. h5 Bb3 48. Ke2 1/2-1/2

[Event "Elitserien 2019/2020, round 7-9"]
[Site "Elite stadshotellet, Kungsgatan 6, Vaxjo, Sweden"]
[Date "2020.10.18"]
[Round "3.14"]
[White "Stavenberg, Karl"]
[Black "Norberg, Erik"]
[Result "1-0"]
[TimeControl "90 minutes for 40 moves + 30 minutes for the rest of the game + 30 seconds per move from move one."]
[BlackTitle "CM"]
[WhiteFideId "1753630"]
[BlackFideId "1707965"]
[WhiteElo "2043"]
[BlackElo "2241"]

1. d4 g6 2. c4 Bg7 3. Nf3 Nf6 4. Nc3 d6 5. Bg5 c6 6. e4 Qc7 7. h3 Nbd7 8. Be2 e5 9. d5 Nc5 10.
Nd2 a5 11. b3 O-O 12. O-O Ne8 13. a3 f5 14. Be3 Na6 15. f3 c5 16. Qc2 f4 17. Bf2 g5 18. Rfb1 h5 19. Nf1 g4 20.
fxg4 hxg4 21. Bxg4 Bxg4 22. hxg4 Bf6 23. Qd3 Qg7 24. Qh3 Kf7 25. g5 Qxg5 26. Qe6+ Kg7 27. Nh2 Rg8 28. Nf3 Qg6 29. Kf1 Nac7 30. Qf5 Qxf5 31.
exf5 Kf7 32. Ne4 Be7 33. b4 b6 34. bxc5 bxc5 35. Rb7 Rc8 36. Rab1 Rh8 37. Ke2 Rh5 38. g4 fxg3 39. Nxg3 Rh3 40.
Ra7 Kf8 41. Rbb7 Bh4 42. Ne4 Bd8 43. Be3 Rh1 44. Bg5 Bxg5 45. Nfxg5 Rc1 46. Kd3 Ra1 47. Rxa5 1-0

[Event "Elitserien 2019/2020, round 7-9"]
[Site "Elite stadshotellet, Kungsgatan 6, Vaxjo, Sweden"]
[Date "2020.10.18"]
[Round "3.15"]
[White "Landgren, Andreas"]
[Black "Wisdahl, Peter"]
[Result "1-0"]
[TimeControl "90 minutes for 40 moves + 30 minutes for the rest of the game + 30 seconds per move from move one."]
[WhiteTitle "FM"]
[WhiteFideId "1704311"]
[BlackFideId "1714023"]
[WhiteElo "2239"]
[BlackElo "2007"]

1. d4 Nf6 2. c4 e6 3. Nc3 Bb4 4.
Qc2 O-O 5. a3 Bxc3+ 6. Qxc3 b6 7. Bg5 h6 8. Bh4 Bb7 9. f3 d5 10. e3 Nbd7 11. cxd5 exd5 12. Bd3 c5 13. Ne2 Re8 14.
Bf2 c4 15. Bc2 b5 16. O-O a5 17. Ng3 Qb6 18. Rac1 b4 19. axb4 axb4 20. Qd2 Ra2 21. Rb1 Ba6 22. Rfc1 Qa5 23.
Be1 Rxb2 24. Bh7+ Nxh7 25. Qxb2 Rxe3 26. Bxb4 Qc7 27. Nf5 Re8 28. Ne7+ Kh8 29. Nxd5 Qc6 30. Nc3 Ng5 31. Qf2 Nf6 32.
Re1 Rxe1+ 33. Rxe1 Bb7 34. Be7 Nd5 35. Nxd5 Qxd5 36. Re5 Qc6 37. Bxg5 hxg5 38. Rxg5 Qh6 39. Re5 Qc1+ 40. Qe1 Qf4 41.
Rh5+ 1-0

[Event "Elitserien 2019/2020, round 7-9"]
[Site "Elite stadshotellet, Kungsgatan 6, Vaxjo, Sweden"]
[Date "2020.10.16"]
[Round "1.1"]
[White "Jepson, Christian"]
[Black "Linusson, Pelle"]
[Result "1-0"]
[TimeControl "90 minutes for 40 moves + 30 minutes for the rest of the game + 30 seconds per move from move one."]
[WhiteTitle "IM"]
[WhiteFideId "1701185"]
[BlackFideId "1709062"]
[WhiteElo "2384"]
[BlackElo "2249"]

1. Nf3 g6 2. e4 d6 3. d4 Nf6 4. Nc3 Bg7 5. Be2 O-O 6. O-O Nc6 7. d5 Ne5 8. Nxe5 dxe5 9. Bg5 Qd6 10.
Nb5 Qd7 11. f3 Nh5 12. g3 f5 13. exf5 gxf5 14. c4 Bf6 15. Bh6 Bg7 16. Bxg7 Nxg7 17. f4 c6 18. Nc3 e4 19. Qd4 Qd6 20.
c5 Qf6 21. Rad1 Qxd4+ 22. Rxd4 cxd5 23. Nxd5 Ne6 24. Rc4 Kf7 25. Bh5+ Kg7 26. Nxe7 Bd7 27. Rd1 Bb5 28. Rb4 Bd3 29.
Rxb7 Kh6 30. Bf3 exf3 31. Rxd3 Nxc5 32. Nxf5+ Kh5 33. Rxh7+ Kg6 34. Rh6+ Kxf5 35. Rd5+ Kg4 36. Rg5# 1-0

[Event "Elitserien 2019/2020, round 7-9"]
[Site "Elite stadshotellet, Kungsgatan 6, Vaxjo, Sweden"]
[Date "2020.10.16"]
[Round "1.2"]
[White "Haitin, Ilja"]
[Black "Brynell, Stellan"]
[Result "1/2-1/2"]
[TimeControl "90 minutes for 40 moves + 30 minutes for the rest of the game + 30 seconds per move from move one."]
[WhiteTitle "FM"]
[BlackTitle "GM"]
[WhiteFideId "4501764"]
[BlackFideId "1700219"]
[WhiteElo "2349"]
[BlackElo "2409"]

1. d4 Nf6 2. c4 e6 3. Nc3 Bb4 4. e3 O-O 5. Nge2 d5 6. cxd5 exd5 7. g3 c6 8. Bg2 a5 9. O-O Re8 10.
f3 c5 11. a3 cxd4 12. axb4 dxc3 13. Nxc3 Nc6 14. bxa5 Rxa5 15. Rxa5 Qxa5 16. Qa4 Qxa4 17. Nxa4 Bf5 18. Nb6 Ne5 19.
f4 Nd3 20. Nxd5 Nxd5 21. Bxd5 b6 22. Bd2 Nxb2 23. Bc3 Na4 24. Bd4 Nc5 25. Ra1 h5 26. Ra7 Be6 27. Bf3 Bg4 28. Bd5 Be6 29.
Bf3 Bg4 30. Bd5 1/2-1/2

[Event "Elitserien 2019/2020, round 7-9"]
[Site "Elite stadshotellet, Kungsgatan 6, Vaxjo, Sweden"]
[Date "2020.10.16"]
[Round "1.3"]
[White "Lindgren, Philip"]
[Black "Krupenski, Juri"]
[Result "1/2-1/2"]
[TimeControl "90 minutes for 40 moves + 30 minutes for the rest of the game + 30 seconds per move from move one."]
[WhiteTitle "IM"]
[BlackTitle "IM"]
[WhiteFideId "1713230"]
[BlackFideId "4501101"]
[WhiteElo "2356"]
[BlackElo "2386"]

1. d4 Nf6 2. c4 e6 3. Nf3 b6 4. g3 Ba6 5. b3 Bb4+ 6. Bd2 Be7 7. Bg2 d5 8. Ne5 Bb7 9. Nc3 O-O 10.
O-O Nbd7 11. Bf4 Re8 12. Rc1 c6 13. e4 Nf8 14. Qd3 h6 15. Rfd1 Bb4 16. exd5 exd5 17. cxd5 cxd5 18. Nb5 Ne6 19.
Bd2 Bf8 20. Bh3 Ba6 21. a4 Ne4 22. Be3 Qe7 23. Rc6 Qb4 24. Rdc1 Bd6 25. Bg2 Bxe5 26. dxe5 Rad8 27. Bxe4 dxe4 28.
Qc4 Qa5 29. Qc3 Qxc3 30. Nxc3 Nd4 31. Bxd4 Rxd4 32. Rc7 Rxe5 33. Rxa7 Bd3 34. Ra8+ Kh7 35. Ra7 Rc5 36. Rxf7 Rb4 37.
Na2 Rxb3 38. Re1 Ra3 39. Nc1 Bc2 40. Ne2 Rxa4 41. Nf4 b5 42. Ne6 Rd5 43. Rxg7+ Kh8 44. Rb7 b4 45. f3 exf3 46.
Rb8+ Kh7 47. Rb7+ Kg8 48. Nd4 Bg6 49. Ree7 Bf7 50. Rxf7 Rxd4 51. Rg7+ Kh8 52. Rh7+ Kg8 53. Rhg7+ Kh8 54.
Rh7+ Kg8 55. Rhg7+ 1/2-1/2

[Event "Elitserien 2019/2020, round 7-9"]
[Site "Elite stadshotellet, Kungsgatan 6, Vaxjo, Sweden"]
[Date "2020.10.16"]
[Round "1.4"]
[White "Larsson, Victor"]
[Black "Penalver, Osmani"]
[Result "1-0"]
[TimeControl "90 minutes for 40 moves + 30 minutes for the rest of the game + 30 seconds per move from move one."]
[WhiteFideId "1707019"]
[BlackFideId "1704516"]
[WhiteElo "2186"]
[BlackElo "2250"]

1. d4 Nf6 2. c4 e6 3. Nf3 b6 4. g3 Ba6 5. Qa4 c6 6. Bg2 Be7 7. Nc3 O-O 8. O-O d5 9. Ne5 b5 10.
cxb5 cxb5 11. Nxb5 Qe8 12. Nc3 Qxa4 13. Nxa4 Bxe2 14. Re1 Bb5 15. Nc3 Ba6 16. Bg5 Rd8 17. Rab1 h6 18. Bf4 Rc8 19.
Bh3 Nc6 20. Nxf7 Kxf7 21. Bxe6+ Kf8 22. Nxd5 Nxd5 23. Bxd5 Bb7 24. Re3 Rd8 25. Bg2 Rxd4 26. Rc1 g5 27. Bxc6 gxf4 28. Bxb7 fxe3 29.
Bxa8 e2 30. Bf3 Rd2 31. Re1 Rxb2 32. Rxe2 Rb6 33. Rc2 Bd8 34. Bd5 Rd6 35. Bb3 Bb6 36. Kg2 Kg7 37. Re2 Kf6 38. h4 Bc5 39. Kf3 h5 40. Rc2 Bb6 41.
Ba4 Ke5 42. Be8 Rf6+ 43. Kg2 Rh6 44. Rb2 Kd6 45. Rd2+ Ke7 46. Re2+ Kf6 47. Bd7 Rh8 48. Re6+ Kf7 49. Re5 Rd8 50.
Bb5 Rd2 51. Re2 Rd8 52. Bc4+ Kf6 53. Re6+ Kg7 54. Re2 Kf6 55. Bb5 Kf7 56. Kh3 Kf6 57. Bc6 Rd3 58. Kg2 Ra3 59. Be8 Ra5 60.
f3 Rd5 61. Bc6 Rd6 62. Be4 Rd1 63. Bc2 Rg1+ 64. Kh2 Rf1 65. Be4 Rd1 66. g4 hxg4 67. fxg4 Bc7+ 68. Kg2 Bb6 69. g5+ Kf7 70.
Kf3 Rg1 71. Rg2 Rf1+ 72. Kg4 Be3 73. Bd5+ Kg7 74. Re2 Bc5 75. h5 Bd6 76. h6+ Kf8 77. g6 1-0